 Dungeon Crawl Stone Soup version 0.31-a0-214-gb37851dbb3 (webtiles) character file.

Game seed: 12423097374702721827

198 qw the Chopper (level 5, -1/33 HPs)
             Began as a Gargoyle Fighter on July 1, 2023.
             Killed from afar by an orc wizard (6 damage)
             ... with a magic dart
             ... on level 4 of the Dungeon.
             The game lasted 00:01:12 (2375 turns).

qw the Chopper (Gargoyle Fighter)                   Turns: 2375, Time: 00:01:13

Health: -1/33      AC: 21    Str: 28    XL:     5   Next: 77%
Magic:  5/5        EV:  7    Int:  8    God:
Gold:   58         SH:  4    Dex:  9    Spells: 4/4 levels left

rFire   . . .        Y - +1 war axe
rCold   . . .        c - +0 buckler
rNeg    + . .        l - +0 plate armour
rPois   inf          q - +2 helmet
rElec   +            (no cloak)
rCorr   +            o - +2 pair of gloves
SInv    .            (no boots)
Will    .....        (no amulet) Stlth
                     h - +6 ring of strength
HPRegen 0.25/turn    i - ring of resist corrosion
MPRegen 0.09/turn

%: no passive effects
@: no status effects
A: sickness immunity, AC +4, negative energy resistance 1, electricity
resistance, torment resistance 1, petrification resistance
a: no special abilities


You were on level 4 of the Dungeon.
You visited 1 branch of the dungeon, and saw 4 of its levels.

You collected 58 gold pieces.


Innate Abilities, Weirdness & Mutations

You are immune to sickness and miasma.
Your stone body is resilient. (AC +4)
You are immune to poison.
You resist negative energy. (rN+)
You are resistant to electric shocks. (rElec)
You are resistant to unholy torment.
You are immune to petrification.


   Skills:
 + Level 3.8 Fighting
 - Level 5.0 Axes
 - Level 3.2 Armour
 - Level 3.2 Shields


You had 4 spell levels left.
You didn't know any spells.
Your spell library was empty.

Inventory:

Hand Weapons
 a - a +0 flail
 Y - a +1 war axe (weapon)
Missiles
 n - 2 boomerangs (quivered)
Armour
 c - a +0 buckler (worn)
 l - a +0 plate armour (worn)
 o - a +2 pair of gloves (worn)
 q - a +2 helmet (worn)
Jewellery
 h - a +6 ring of strength (left hand)
 i - a ring of resist corrosion (right hand)
Potions
 b - a potion of invisibility {unknown}
 d - a potion of might
 e - 2 potions of curing
 f - a potion of attraction {unknown}
 k - a potion of brilliance {unknown}
 m - a potion of cancellation {unknown}

Dungeon Overview and Level Annotations

Branches:
Dungeon (4/15)
 Temple: D:4-7

Altars:
Cheibriados

Shops:
D:3 :

Annotations:
D:4 Grinder


Message History

The phantom is severely damaged.
You hit the orc priest. You completely miss the orc wizard. You slash the worm!
You closely miss the orc priest. The phantom hits you.
Grinder blinks!
The orc priest hits you but does no damage.
The orc priest invokes the aid of Beogh against you.
Beogh smites you!
The orc wizard points at you and mumbles some strange words.
The puff of flame misses you.
The puff of flame hits the worm!
The worm dies!
The phantom barely misses you.
The orc priest mumbles some strange prayers to Beogh against you.
You barely resist.
The orc wizard hits you but does no damage.
The orc priest hits you but does no damage.
You closely miss the phantom.
The phantom is severely damaged.
You closely miss the orc priest. You slash the orc priest!
You kill the orc priest!
You hit the orc wizard. The orc priest closely misses you.
The orc wizard hits you but does no damage.
The phantom hits you but does no damage.
Grinder says, "DUCK!"
You barely miss the phantom.
The phantom is severely damaged.
You hit the orc priest but do no damage.
You slash the orc wizard!
The orc priest hits you but does no damage.
The orc wizard hits you but does no damage.
The phantom hits you but does no damage.
Grinder blinks!
You hit the phantom.
The phantom is almost destroyed.
You hit the orc priest.
You hit the orc wizard but do no damage.
The orc priest hits you but does no damage.
The orc wizard gestures at you while chanting.
The magic dart hits you.
You die...

># . .# ..
####>### ...
#<.....# ?...
#.<....#
.?...##..ยค..$##
#....o).......
#....@o.......
#..##.W...5##.
#.. ######## #.


You could see Grinder, a phantom, an orc priest and an orc wizard.

Vanquished Creatures
  2 orc priests
  Natasha (D:2)
  3 adders
  2 dart slugs (D:2)
  A worm (D:3)
  13 orcs
  2 endoplasms
  2 giant cockroaches
  7 goblins
  3 hobgoblins
  4 quokkas
  7 ball pythons
  7 bats
  2 frilled lizards (D:2)
  5 kobolds
  3 rats
64 creatures vanquished.

Vanquished Creatures (others)
  A worm (D:4)
1 creature vanquished.

Grand Total: 65 creatures vanquished

Notes
Turn   | Place    | Note
-------+----------+-------------------------------------------
     0 | D:1      | qw the Gargoyle Fighter began the quest for the Orb.
     0 | D:1      | Reached XP level 1. HP: 14/14 MP: 1/1
     0 | D:1      | 0 ||| qw: Version: 0.3-a-32-g5962c71
     0 | D:1      | 0 ||| qw: Game counter: 7606
     0 | D:1      | 0 ||| qw: Melee chars always use a shield: true
     0 | D:1      | 0 ||| qw: God list: Okawaru
     0 | D:1      | 0 ||| qw: Allow faded altars: false
     0 | D:1      | 0 ||| qw: Do Orc after clearing Dungeon:15 true
     0 | D:1      | 0 ||| qw: Do second Lair branch before Depths: true
     0 | D:1      | 0 ||| qw: Lair rune preference: random
     0 | D:1      | 0 ||| qw: Goals: Normal, Zot:1-4, Slime:5, God:TSO, Crypt,
                  | Tomb, Abyss, Pan, Hells, Win
     0 | D:1      | 0 ||| PLANNING D:1-11
    50 | D:1      | Reached skill level 2 in Axes
   262 | D:1      | Found a faded altar of an unknown god.
   336 | D:1      | Reached XP level 2. HP: 19/19 MP: 2/2
   340 | D:1      | 340 ||| DROPPING +0 club.
   804 | D:1      | 804 ||| UPGRADING to +0 plate armour.
   814 | D:1      | 814 ||| DROPPING +0 scale mail.
   815 | D:1      | 815 ||| READING scroll labelled NUNAZI JOD KIC.
   816 | D:1      | 816 ||| READING scroll labelled SUFAFAKHYU.
   819 | D:1      | 819 ||| READING scroll labelled MOKHLI WUQABUCU.
   820 | D:1      | 820 ||| READING scroll labelled ETYNITIPRO.
   919 | D:2      | Reached skill level 3 in Axes
   919 | D:2      | Reached XP level 3. HP: 23/23 MP: 3/3
  1144 | D:2      | 1144 ||| Stepping ~*~*~tactically~*~*~ (stealth).
  1186 | D:2      | 1186 ||| DROPPING +0 whip.
  1216 | D:2      | Reached XP level 4. HP: 28/28 MP: 4/4
  1484 | D:2      | Noticed Natasha
  1489 | D:2      | Killed Natasha
  1490 | D:2      | Reached skill level 4 in Axes
  1561 | D:2      | 1561 ||| UPGRADING to +2 pair of gloves.
  1566 | D:2      | 1566 ||| UPGRADING to +2 helmet.
  1571 | D:2      | 1571 ||| UPGRADING to +6 ring of strength.
  1572 | D:2      | 1572 ||| UPGRADING to ring of resist corrosion.
  1573 | D:2      | 1573 ||| READING 2 scrolls labelled IKECVY NOMOPRICOB.
  1574 | D:2      | 1574 ||| READING scroll labelled FIQ HIRCHU VEPTEURU.
  1575 | D:2      | 1575 ||| READING scroll labelled PIYPHA TUHA.
  1576 | D:2      | 1576 ||| DRINKING 2 inky potions.
  1577 | D:2      | 1577 ||| DROPPING scroll of amnesia.
  1607 | D:3      | 1607 ||| STAIRDANCE
  1610 | D:2      | Reached XP level 5. HP: 27/32 MP: 5/5
  1639 | D:3      | 1639 ||| DROPPING +0 mace.
  1697 | D:3      | 1697 ||| Stepping ~*~*~tactically~*~*~ (hiding).
  1698 | D:3      | 1698 ||| Stepping ~*~*~tactically~*~*~ (hiding).
  1700 | D:3      | 1700 ||| Stepping ~*~*~tactically~*~*~ (hiding).
  1701 | D:3      | 1701 ||| Stepping ~*~*~tactically~*~*~ (hiding).
  1703 | D:3      | 1703 ||| Stepping ~*~*~tactically~*~*~ (hiding).
  1704 | D:3      | 1704 ||| Stepping ~*~*~tactically~*~*~ (hiding).
  1704 | D:3      | Found Iguohew's Book Emporium.
  1706 | D:3      | 1706 ||| Stepping ~*~*~tactically~*~*~ (hiding).
  1857 | D:3      | Found a snail-covered altar of Cheibriados.
  2000 | D:3      | 2000 ||| Stepping ~*~*~tactically~*~*~ (hiding).
  2002 | D:3      | 2002 ||| FLEEEEING.
  2015 | D:3      | 2015 ||| FLEEEEING.
  2016 | D:3      | 2016 ||| FLEEEEING.
  2017 | D:3      | 2017 ||| FLEEEEING.
  2043 | D:3      | 2043 ||| FLEEEEING.
  2044 | D:3      | 2044 ||| FLEEEEING.
  2076 | D:3      | Reached skill level 5 in Axes
  2361 | D:4      | Noticed Grinder
  2361 | D:4      | Noticed a phantom
  2372 | D:4      | HP: 3/32 [orc priest/divine providence (13)]
  2375 | D:4      | Killed from afar by an orc wizard

Levels and vault maps discovered:
D:1:      reono_arrival_forest_river, layout_loops_ring,
          shapermc_ecumenical_altar_petra, chequers_garden
D:2:      layout_basic, kennysheep_generic_room_13, uniq_natasha
D:3:      layout_basic, mainiacjoe_overflow_cross_hatched, serial_shops,
          nicolae_shop_window_shopping
D:4:      corexii_shack_village, layout_rooms,
          grunt_temple_overflow_order_and_chaos_2, uniq_blork_the_orc,
          uniq_duvessa, uniq_grinder

Skill      XL: |  1  2  3  4  5 |
---------------+----------------+-----
Axes           | 2 3 4 5 |  5.0
Fighting       | |  3.8
Armour         | |  3.2
Shields        | |  3.2

Action                     |  1- 3 |  4- 6 || total
---------------------------+-------+-------++-------
  Melee: War axe           |   110 |    56 ||   166
  Throw: Boomerang         |     4 |    38 ||    42
    Use: Scroll            |     4 |     3 ||     7
         Potion            |       |     1 ||     1
 Armour: Scale mail        |    34 |       ||    34
         Plate armour      |    51 |    51 ||   102
  Dodge: Dodged            |    22 |    30 ||    52
  Block: Buckler           |    17 |    13 ||    30

Table legend:
 A = Non-vault XP
 B = Vault XP
 C = Vault XP percentage of total XP
 D = Non-vault monster count
 E = Vault monster count
 F = Vault count percentage of total count
                 A         B        C        D         E       F
            +---------+---------+-------+---------+---------+-------
      Total |     245 |      39 |  13.7 |      63 |       2 |   3.1
            +---------+---------+-------+---------+---------+-------
        D:1 |      17 |       0 |   0.0 |      11 |       0 |   0.0
        D:2 |     122 |      39 |  24.2 |      31 |       2 |   6.1
        D:3 |      60 |       0 |   0.0 |      19 |       0 |   0.0
        D:4 |      46 |       0 |   0.0 |       2 |       0 |   0.0
            +---------+---------+-------+---------+---------+-------
